 Dungeon Crawl Stone Soup version 0.28.0-47-ge53b351184 (webtiles) character file.

Game seed: 14432443719710636324

2 pkoi the Grasshopper (level 1, -1/17 HPs)
             Began as a Demigod Warper on Apr 28, 2022.
             Succumbed to a kobold's poison
             ... on level 1 of the Dungeon.
             The game lasted 00:00:25 (63 turns).

pkoi the Grasshopper (Demigod Warper)                 Turns: 63, Time: 00:00:26

Health: -1/17      AC:  3    Str: 12    XL:     1   Next: 26%
Magic:  5/5        EV: 11    Int: 15    God:
Gold:   0          SH:  0    Dex: 13    Spells: 3/3 levels left

rFire   . . .      SeeInvis .     - Unarmed
rCold   . . .      Faith    .   (no shield)
rNeg    . . .      Spirit   .   a - +0 leather armour
rPois   .          Reflect  .   (no helmet)
rElec   .          Harm     .   (no cloak)
rCorr   .          Rampage  .   (no gloves)
Will    .....                   (no boots)
Stlth   +.........              (no amulet)
HPRegen 0.05/turn               (no ring)
MPRegen 0.09/turn               (no ring)

@: lethally poisoned (-1 -> -13)
A: high MP 1, forlorn, divine attributes
a: no special abilities


You were on level 1 of the Dungeon.
You visited 1 branch of the dungeon, and saw 1 of its levels.

Inventory:

Missiles
 c - 4 boomerangs of dispersal (quivered)
Armour
 a - a +0 leather armour (worn)


   Skills:
 - Level 1.7 Fighting
 - Level 0.8 Throwing
 - Level 0.8 Armour
 - Level 1.7 Dodging
 + Level 2.0 Unarmed Combat
 - Level 1.7 Spellcasting
 - Level 2.6 Translocations


You had 3 spell levels left.
You didn't know any spells.
Your spell library contained the following spells:

 Spells                   Type           Power      Damage    Failure   Level
 Blink                    Tloc           18%        N/A       14%         2
 Gell's Gravitas          Tloc           9%         N/A       28%         3
 Lesser Beckoning         Tloc           9%         N/A       28%         3
 Teleport Other           Tloc           9%         N/A       28%         3
 Manifold Assault         Tloc           9%         N/A       95%         5


Dungeon Overview and Level Annotations

Branches:
Dungeon (1/15)


Innate Abilities, Weirdness & Mutations

You have an increased reservoir of magic. (+10% MP)
You shall have no god before yourself.
Your divine heritage dramatically boosts your attributes as you level up.


Message History

You kill the goblin!
Your Unarmed Combat skill increases to level 2!
Things that are here:
a +0 dagger; a goblin corpse You completely miss the kobold.
The kobold hits you with a +2 dagger of venom.
You are poisoned.
You barely miss the kobold.
You feel sick.
The kobold hits you with a +2 dagger of venom.
* * * LOW HITPOINT WARNING * * *
You are lethally poisoned!
You are too injured to fight recklessly!
You are too injured to fight recklessly!
You are too injured to fight recklessly!
You are too injured to fight recklessly!
You are too injured to fight recklessly!
You are too injured to fight recklessly!
You are too injured to fight recklessly!
Throw: 5 boomerangs (disperse)
Press: ? - help, Q - select action Shift-Dir - straight line, f - kobold
Aim: a kobold, wielding a +2 dagger of venom (47% to hit)
You throw a boomerang of dispersal.
The boomerang of dispersal hits the kobold!
The kobold blinks!
You kill the kobold!
* * * LOW HITPOINT WARNING * * *
You feel very sick.
You aren't carrying any potions.
Okay, then.
* * * LOW HITPOINT WARNING * * *
You feel very sick.
You are too injured to fight recklessly!
Unknown command.
You aren't carrying any potions.
You aren't carrying any items that you can evoke.
Blink to where?
Press: ? - help, Dir - move target
Found a stone staircase leading down.
As you read the scroll of blinking, it crumbles to dust.
You die...

###.##
#######..###
.......)...#
.######ยง##.#
#>....... .
#.##.....
#..#####.#
####
#.....#.######
#....@.)....#
###.##.####>.
# #.# .# ##


There were no monsters in sight!

Vanquished Creatures
  A goblin (D:1)
  A ball python (D:1)
  A kobold (D:1)
3 creatures vanquished.

Notes
Turn   | Place    | Note
-------+----------+-------------------------------------------
     0 | D:1      | pkoi the Demigod Warper began the quest for the Orb.
     0 | D:1      | Reached XP level 1. HP: 17/17 MP: 5/5
    63 | D:1      | Succumbed to a kobold's poison

Illustrated notes

Levels and vault maps discovered:
D:1:      nzn_arrival_depleted_hourglass, layout_rooms

Skill      XL: |  1 |
---------------+----+-----
Unarmed Combat | 2 |  2.0
Fighting       | |  1.7
Throwing       | |  0.8
Armour         | |  0.8
Dodging        | |  1.7
Spellcasting   | |  1.7
Translocations | |  2.6

Action                   || total
-------------------------++-------
Melee: Unarmed           ||     6
Throw: Boomerang         ||     1
  Use: Scroll            ||     1
 Stab: Sleeping          ||     1
Armor: Leather armour    ||     1
Dodge: Dodged            ||     1
